Map: Pillars of Gold LE

Players

Astrea - Winner!

  • Race: Protoss Protoss
  • Spawn Location: 7:00

Semper

  • Race: Protoss Protoss
  • Spawn Location: 1:00

Event: DreamHack SC2 Masters 2020 Summer North America

VOD

Have the link to the VOD?

Description

Time

  • Played on: July 3, 2020, 6:25 p.m.
  • Length: 9:21

All games in this series

Show
View Real Time Build Order
Export as new Build Order

Astrea Protoss - Winner!

Build Orders: Nexus First, Zealot Archon 

Get SALT Encoding   

  12  0:00  Probe  
  13  0:12  Probe  
  14  0:19  Pylon  
  14  0:24  Probe  
  15  0:33  Probe  
  15  0:41  Probe  
  17  0:51  Probe  
  18  1:02  Nexus  
  18  1:12  Gateway  
  18  1:15  Probe  
  19  1:21  Assimilator  
  19  1:27  Probe  
  19  1:29  Assimilator  
  20  1:39  Probe  
  21  1:41  Gateway  
  21  1:51  Probe, Pylon  
  22  2:01  Cybernetics Core  
  22  2:04  Probe  
  23  2:11  Probe  
  23  2:13  Zealot  
  26  2:17  Probe  
  26  2:20  Probe  
  27  2:28  Stalker  
  29  2:30  Stalker  
  29  2:31  Probe  
  29  2:40  Warp Gate  
  34  2:46  Shield Battery  
  34  2:49  Probe  
  35  2:51  Probe  
  35  2:58  Stalker  
  37  3:02  Stalker  
  39  3:10  Gateway  
  39  3:13  Probe  
  39  3:14  Probe  
  41  3:23  Shield Battery  
  41  3:25  Probe  
  40  3:28  Probe  
  40  3:35  Probe  
  40  3:37  Probe  
  40  3:43  Probe  
  40  3:45  Stalker, Twilight Council, Probe  
  43  3:52  Probe  
  43  3:55  Probe  
  46  4:03  Blink  
  46  4:04  Probe  
  46  4:07  Pylon  
  46  4:08  Probe  
  46  4:16  Probe  
  46  4:21  Assimilator  
  46  4:25  Probe  
  46  4:28  Probe  
  46  4:29  Stalker  
  46  4:30  Pylon  
  50  4:33  Assimilator  
  50  4:36  Probe  
  51  4:40  Probe  
  51  4:44  Stalker, Probe  
  54  4:50  Stalker  
  57  4:52  Probe  
  57  4:53  Pylon, Probe  
  59  5:04  Probe, Robotics Facility  
  59  5:05  Probe  
  59  5:07  Pylon  
  61  5:15  Adept x2  
  65  5:26  Pylon  
  65  5:27  Probe x2  
  67  5:29  Stalker  
  67  5:33  Pylon  
  67  5:35  Forge  
  69  5:36  Sentry  
  69  5:37  Stalker  
  73  5:46  Observer  
  73  5:48  Pylon  
  73  5:54  Stalker  
  76  5:57  Robotics Bay  
  76  6:00  Protoss Ground Weapons Level 1  
  76  6:18  Stalker x2  
  78  6:19  Charge  
  78  6:21  Warp Prism  
  78  6:33  Gateway  
  78  6:35  Gateway  
  78  6:41  Gateway  
  78  6:42  Gateway, Templar Archives  
  78  6:45  Gateway  
  78  6:47  Gateway  
  78  6:51  Zealot x2  
  82  6:56  Pylon  
  83  7:03  Observer  
  83  7:06  Immortal  
  86  7:12  Nexus  
  86  7:22  High Templar x2  
  90  7:26  Archon  
  90  7:31  High Templar x2  
  90  7:35  Archon  
  90  7:37  Shield Battery  
  94  7:38  Pylon  
  94  7:40  Zealot x3  
  100  7:46  Zealot  
  102  7:57  Zealot x2  
  106  8:04  Pylon  
  106  8:06  Pylon  
  106  8:10  High Templar x2, Zealot x2  
  106  8:11  Zealot x2  
  115  8:24  Archon  
  115  8:30  Zealot x3  
  115  8:31  Zealot x3  
  117  8:53  Zealot x7  
  117  9:13  Stalker x5  
Show
View Real Time Build Order
Export as new Build Order

Semper Protoss 

Build Orders: Oracle Opening 

Get SALT Encoding   

  12  0:00  Probe  
  13  0:12  Probe  
  14  0:18  Pylon  
  14  0:24  Probe  
  15  0:33  Probe  
  15  0:40  Gateway  
  15  0:41  Probe  
  16  0:47  Assimilator  
  17  0:52  Probe  
  17  0:56  Assimilator  
  18  1:00  Probe  
  18  1:09  Probe  
  18  1:11  Gateway  
  20  1:19  Probe  
  21  1:27  Cybernetics Core  
  21  1:31  Probe  
  22  1:37  Pylon  
  22  1:44  Probe  
  23  1:56  Probe  
  24  2:03  Stargate  
  24  2:05  Adept  
  26  2:10  Adept  
  26  2:14  Warp Gate  
  28  2:24  Pylon  
  28  2:28  Probe  
  29  2:37  Oracle  
  32  2:53  Probe  
  33  3:05  Oracle  
  33  3:06  Nexus  
  36  3:21  Probe  
  37  3:33  Probe  
  38  3:43  Twilight Council  
  38  3:45  Probe  
  38  3:46  Shield Battery, Pylon  
  39  4:00  Probe  
  38  4:07  Sentry x2  
  42  4:10  Probe  
  42  4:15  Probe  
  43  4:18  Probe  
  43  4:20  Blink  
  43  4:23  Probe  
  45  4:29  Probe  
  46  4:31  Shield Battery  
  47  4:44  Probe  
  48  4:48  Gateway, Probe  
  48  4:49  Gateway  
  49  4:54  Stalker x2  
  49  4:57  Probe  
  54  5:01  Probe  
  55  5:09  Probe  
  55  5:10  Robotics Facility  
  55  5:13  Probe  
  57  5:15  Pylon  
  57  5:21  Probe  
  58  5:26  Assimilator  
  58  5:27  Stalker x2  
  62  5:30  Pylon  
  62  5:33  Probe  
  62  5:35  Probe  
  64  5:38  Assimilator, Pylon  
  64  5:46  Forge  
  64  5:49  Pylon  
  64  5:51  Probe x2  
  64  5:56  Pylon  
  66  6:04  Stalker x3  
  69  6:06  Observer  
  69  6:10  Probe  
  68  6:14  Probe  
  68  6:18  Probe  
  68  6:26  Probe  
  68  6:28  Probe  
  70  6:37  Protoss Ground Weapons Level 1, Phoenix  
  70  6:38  Probe  
  71  6:40  Nexus, Probe  
  72  6:48  Pylon  
  72  6:50  Probe  
  72  6:53  Stalker  
  75  7:03  Probe  
  75  7:05  Stalker x2  
  80  7:12  Robotics Bay  
  80  7:13  Probe  
  80  7:15  Probe  
  82  7:28  Probe  
  82  7:29  Probe  
  84  7:32  Stalker x2  
  84  7:33  Robotics Facility  
  88  7:45  Pylon  
  88  7:47  Gateway, Probe x2  
  88  7:48  Gateway, Disruptor  
  90  7:53  Probe  
  91  7:59  Probe  
  95  8:06  Probe x2  
  95  8:08  Stalker x2  
  100  8:13  Shield Battery  
  100  8:18  Disruptor  
  100  8:21  Probe x2  
  100  8:25  Photon Cannon, Disruptor  
  100  8:26  Pylon  
  102  8:33  Probe x2  
  108  8:34  Pylon  
  105  8:47  Stalker x4  
  75  8:58  Stalker  
  72  9:12  Stalker x2  
Tags
 
Add a new tag
Caveats
  • Supply blocks, unpowered buildings, or Contaminate may cause inaccurate times.
  • Supply counts are checked every 10 seconds.